 Dungeon Crawl Stone Soup version 0.31-a0-595-g4209ae197b (webtiles) character file.

Game seed: 3944706062284403180

119 AdnanSaban the Shield-Bearer (level 5, -5/33 HPs)
             Began as a Gargoyle Fighter on Aug 20, 2023.
             Slain by an ogre
             ... wielding a +0 giant spiked club
              (21 damage)
             ... on level 4 of the Dungeon.
             The game lasted 00:01:44 (2468 turns).

AdnanSaban the Shield-Bearer (Gargoyle Fighter)     Turns: 2468, Time: 00:01:44

Health: -5/33      AC: 11    Str: 22    XL:     5   Next: 3%
Magic:  5/5        EV:  9    Int:  8    God:
Gold:   101        SH:  4    Dex:  9    Spells: 4/4 levels left

rFire   . . .        a - +0 flail
rCold   . . .        c - +0 buckler
rNeg    + . .        b - +0 scale mail
rPois   ∞            (no helmet)
rElec   +            (no cloak)
rCorr   .            (no gloves)
SInv    .            (no boots)
Will    .....        (no amulet) Stlth
                     (no ring)
HPRegen 0.25/turn    (no ring)
MPRegen 0.09/turn

%: no passive effects
@: no status effects
A: sickness immunity, AC +4, negative energy resistance 1, electricity
resistance, torment resistance 1, petrification resistance
a: no special abilities


You were on level 4 of the Dungeon.
You visited 1 branch of the dungeon, and saw 4 of its levels.

You collected 101 gold pieces.

Inventory:

Hand Weapons
 a - a +0 flail (weapon)
Missiles
 i - 5 poisoned darts
Armour
 b - a +0 scale mail (worn)
 c - a +0 buckler (worn)
Jewellery
 k - a +5 ring of evasion
Scrolls
 e - a scroll of amnesia {unknown}
 f - a scroll of enchant armour {unknown}
 g - 3 scrolls of blinking {unknown}
 h - a scroll of silence {unknown}
 j - a scroll of enchant weapon {unknown}
 l - 2 scrolls of teleportation {unknown}
 n - a scroll of immolation {unknown}
 q - a scroll of revelation {unknown}
 r - 2 scrolls of identify {unknown}
Potions
 d - 3 potions of might
 m - a potion of haste {unknown}
 o - 2 potions of degeneration {unknown}
 p - a potion of attraction {unknown}


   Skills:
 + Level 3.8 Fighting
 + Level 3.5 Maces & Flails
 + Level 4.0 Armour
 + Level 0.1 Dodging
 + Level 4.0 Shields


You had 4 spell levels left.
You didn't know any spells.
Your spell library was empty.

Dungeon Overview and Level Annotations

Branches:
Dungeon (4/15)
 Temple: D:4-7

Altars:
Hepliaklqana
Wu Jian

Shops:
D:3 ((


Innate Abilities, Weirdness & Mutations

You are immune to sickness and miasma.
Your stone body is resilient. (AC +4)
You are immune to poison.
You resist negative energy. (rN+)
You are resistant to electric shocks. (rElec)
You are resistant to unholy torment.
You are immune to petrification.


Message History

You sock the dart slug!
You kill the dart slug!
You have reached level 5!
An orc comes into view. It is wielding a +0 hand axe.
The orc shouts!
You hear a shout!
An orc is nearby!
An orc is nearby!
The orc hits you but does no damage.
You barely miss the orc. The orc barely misses you.
You sock the orc!
You kill the orc!
An ogre comes into view. It is wielding a +0 giant spiked club.
Things that are here:
a +0 hand axe; a +0 ring mail; an orc corpse You closely miss the ogre.
You block the ogre's attack.
You thump the ogre!
The ogre is moderately wounded.
The ogre barely misses you.
You barely miss the ogre.
The ogre is moderately wounded.
The ogre hits you with a +0 giant spiked club!!
Ouch! That really hurt!
You are too injured to fight recklessly!
You are too injured to fight recklessly!
You are too injured to fight recklessly!
An ogre is nearby!
An ogre is nearby!
You hit the ogre.
The ogre is heavily wounded.
The ogre hits you but does no damage.
You sock the ogre!
The ogre is severely wounded.
The ogre completely misses you.
You hit the ogre.
The ogre is severely wounded.
You hit the ogre but do no damage.
The ogre is severely wounded.
The ogre hits you with a +0 giant spiked club!!
Ouch! That really hurt!
You die...

... #.# #.# #.# #.# #.#
#O# #@# #.# #)#########
##.#..>....#
##....#####<#######
.#.##.....##.#........#
..................###.#
.#.####.#.##.#..#.# #
#.#.####..#.#


You could see an ogre.

Vanquished Creatures
  An iguana (D:4)
  4 adders
  2 dart slugs
  An orc (D:4)
  8 endoplasms
  2 giant cockroaches
  3 hobgoblins
  2 jackals (D:3)
  5 ball pythons
  4 bats
  5 frilled lizards
  3 goblins
  7 kobolds
  9 rats
56 creatures vanquished.

Notes
Turn   | Place    | Note
-------+----------+-------------------------------------------
     0 | D:1      | AdnanSaban the Gargoyle Fighter began the quest for the
                  | Orb.
     0 | D:1      | Reached XP level 1. HP: 14/14 MP: 1/1
   226 | D:1      | Reached XP level 2. HP: 19/19 MP: 2/2
   455 | D:1      | Found a faded altar of an unknown god.
   455 | D:1      | Noticed a Tzitzimitl
   614 | D:2      | Reached XP level 3. HP: 18/24 MP: 3/3
  1126 | D:2      | Reached XP level 4. HP: 27/29 MP: 4/4
  1314 | D:3      | Found an ornate altar of the Wu Jian Council.
  1320 | D:3      | Found a hazy altar of Hepliaklqana.
  2116 | D:3      | Found Axywky's Weapon Boutique.
  2249 | D:3      | Found Kyhieciv's Antique Weapon Shop.
  2453 | D:4      | Reached XP level 5. HP: 33/33 MP: 5/5
  2458 | D:4      | Noticed an ogre
  2468 | D:4      | Slain by an ogre

Illustrated notes

Levels and vault maps discovered:
D:1:      erik_arrival_triangle_large, layout_rooms,
          dreamdust_ecumenical_altar_sealed_demon,
          hangedman_abyss_or_decor_stabs, roderic_cross_of_infinity,
          minmay_bisected
D:2:      layout_loops_ring
D:3:      layout_loops_corners, nicolae_overflow_squiral, serial_shops, shop,
          nicolae_shop_tiny_real_fake_doors
D:4:      layout_loops_corners, fedhas_altar_4,
          minmay_temple_entry_antechambers, nicolae_shop_firing_range

Skill      XL: |  1  2  3  4 |
---------------+-------------+-----
Maces & Flails | 3 |  3.5
Shields        | 4 |  4.0
Armour         | 4 |  4.0
Fighting       | |  3.8
Dodging        | |  0.1

Action                     |  1- 3 |  4- 6 || total
---------------------------+-------+-------++-------
  Melee: Flail             |   121 |    78 ||   199
 Armour: Scale mail        |    78 |    37 ||   115
  Dodge: Dodged            |    51 |    36 ||    87
  Block: Buckler           |    26 |    11 ||    37

Table legend: (Time is in decaauts)
 A = Elapsed time spent in this place.
 B = Non-inter-level travel time spent in this place.
 C = Inter-level travel time spent in this place.
 D = Time resting spent in this place.
 E = Time spent auto-exploring this place.
 F = Levels seen in this place.
 G = Mean time per level.
                   A        B        C        D        E       F      G
               +--------+--------+--------+--------+--------+-----+--------+
         Total |   2528 |   2484 |     44 |      0 |   2038 |   4 |  632.0 |
       Dungeon |   2528 |   2484 |     44 |      0 |   2038 |   4 |  632.0 |
               +--------+--------+--------+--------+--------+-----+--------+

Top non-repeatable levels by time:
     D:3: 1000 daAuts
     D:2: 775 daAuts
     D:1: 563 daAuts
     D:4: 189 daAuts
